 Dungeon Crawl Stone Soup version 0.26.1-11-gd32895ea62 (webtiles) character file.

Game seed: 16357104060745142284

63 pokeman the Magician (level 3, 0/20 HPs)
             Began as a Deep Elf Hedge Wizard on May 30, 2021.
             Slain by a gnoll
             ... wielding a +0 whip
              (3 damage)
             ... on level 2 of the Dungeon.
             The game lasted 00:02:58 (1639 turns).

pokeman the Magician (Deep Elf Hedge Wizard)        Turns: 1639, Time: 00:02:59

Health: 0/20       AC:  2    Str:  7    XL:     3   Next: 87%
Magic:  2/11       EV: 13    Int: 19    God:
Gold:   122        SH:  0    Dex: 14    Spells: 1/12 levels left

rFire    . . .     SeeInvis .   a - +0 dagger
rCold    . . .     Faith    .   (no shield)
rNeg     . . .     Spirit   .   b - +0 robe
rPois    .         Reflect  .   c - +0 hat
rElec    .         Harm     .   (no cloak)
rCorr    .         Rampage  .   (no gloves)
Will     .....                  (no boots)
Stlth    ++........             (no amulet)
HPRegen  0.06/turn              (no ring)
MPRegen  0.12/turn              (no ring)

@: very slightly contaminated
A: no striking features
a: no special abilities


You were on level 2 of the Dungeon.
You visited 1 branch of the dungeon, and saw 2 of its levels.

You collected 122 gold pieces.

Inventory:

Hand Weapons
 a - a +0 dagger (weapon)
Armour
 b - a +0 robe (worn)
 c - a +0 hat (worn)
Scrolls
 d - 3 scrolls of teleportation {unknown}
 f - a scroll of enchant armour {unknown}
 g - a scroll of remove curse {unknown}
 h - 2 scrolls of magic mapping {unknown}
 i - a scroll of noise {unknown}
 j - a scroll of identify {unknown}
Potions
 e - a potion of invisibility {unknown}


   Skills:
 - Level 1.0 Fighting
 - Level 1.0 Armour
 + Level 2.6 Dodging
 - Level 2.4 Stealth
 * Level 5.4 Spellcasting
 + Level 2.0 Conjurations
 - Level 1.1 Summonings
 - Level 1.1 Translocations
 + Level 0.1 Fire Magic


You had one spell level left.
You knew the following spells:

 Your Spells              Type           Power        Failure   Level
a - Magic Dart            Conj           52%          4%          1
b - Mephitic Cloud        Conj/Pois/Air  7%           26%         3
c - Call Imp              Summ           9%           12%         2
d - Blink                 Tloc           N/A          12%         2
e - Conjure Flame         Conj/Fire      9%           22%         3

Your spell library contained the following spells:

 Spells                   Type           Power        Failure   Level
 Slow                     Hex            5%           19%         2


Dungeon Overview and Level Annotations

Branches:
Dungeon (2/15)

Altars:


Message History

You hit the gnoll but do no damage.
The gnoll is heavily wounded.
You completely miss the gnoll.
The gnoll is heavily wounded.
The gnoll throws a throwing net.
The throwing net hits you.
You become entangled in the net!
The gnoll hits you with a +0 spear.
Unknown command.
Casting: Mephitic Cloud (extremely dangerous; 26% risk of failure)
Confirm with . or Enter, or press ? or * to list all spells.
You don't have enough magic to cast that spell.
There are monsters nearby!
You struggle against the net.
The gnoll hits the gnoll with a +0 spear!
You struggle against the net.
The gnoll hits you with a +0 whip! The gnoll hits you with a +0 spear.
* * * LOW HITPOINT WARNING * * *
Unknown command.
You struggle against the net.
The gnoll barely misses you.
You rip the net and break free!
The gnoll hits you with a +0 whip.
You die...

#.# #........# #.#
#........# #### #.#####
#........#
...####.....###........#
..............+>........
....(.....#.###........#
...#...(..# #....g......
...#......# ##g#
...#......# #g@#
######.##.# #.## #.. .#
#.# ##.#.# #<# ###


You could see 3 gnolls.

Vanquished Creatures
  2 adders (D:2)
  2 oozes (D:2)
  2 leopard geckos
  6 bats
  A giant cockroach (D:2)
  4 goblins (D:1)
  2 hobgoblins (D:1)
  2 jackals (D:1)
  2 kobolds (D:1)
  A ball python (D:1)
  2 frilled lizards
  9 rats
35 creatures vanquished.

Notes
Turn   | Place    | Note
-------+----------+-------------------------------------------
     0 | D:1      | pokeman the Deep Elf Hedge Wizard began the quest for the
                  | Orb.
     0 | D:1      | Reached XP level 1. HP: 10/10 MP: 7/7
    38 | D:1      | You fall into a shaft and drop 1 floor!
   113 | D:2      | Reached XP level 2. HP: 16/16 MP: 3/9
   350 | D:2      | Reached skill level 5 in Spellcasting
   477 | D:2      | Reached XP level 3. HP: 20/20 MP: 5/11
   481 | D:2      | Learned a level 3 spell: Mephitic Cloud
   484 | D:2      | Learned a level 2 spell: Call Imp
   487 | D:2      | Learned a level 2 spell: Blink
   491 | D:2      | Learned a level 3 spell: Conjure Flame
   716 | D:1      | Reached skill level 1 in Armour
  1135 | D:1      | Reached skill level 1 in Fighting
  1639 | D:2      | Slain by a gnoll

Illustrated notes

Levels and vault maps discovered:
D:1:      dpeg_arrival_shrine, layout_loops_ring
D:2:      layout_basic, marbit_many_paths

Skill      XL: |  1  2  3 |
---------------+----------+-----
Spellcasting   | 5 |  5.4
Armour         | 1 |  1.0
Conjurations   | 2 |  2.0
Fighting       | 1 |  1.0
Dodging        | |  2.6
Stealth        | |  2.4
Summonings     | |  1.1
Translocations | |  1.1
Fire Magic     | |  0.1

Action                   || total
-------------------------++-------
Melee: Dagger            ||     2
 Cast: Magic Dart        ||    80
       Mephitic Cloud    ||     1
Armor: Robe              ||     1
Dodge: Dodged            ||     8
